 Dungeon Crawl Stone Soup version 0.20-a0-941-gba1b1f9 (webtiles) character file.

7 Fuzzwah the Skirmisher (level 1, 0/20 HPs)
             Began as a Minotaur Berserker on Apr 1, 2017.
             Was a Follower of Trog.
             Slain by Jessica
             ... wielding a +9 club
              (11 damage)
             ... on level 2 of the Dungeon.
             The game lasted 00:01:15 (569 turns).

Fuzzwah the Skirmisher (Minotaur Berserker)          Turns: 569, Time: 00:01:16

Health: 0/20       AC:  2    Str: 21    XL:     1   Next: 83%
Magic:  0/0        EV: 12    Int:  4    God:    Trog [*.....]
Gold:   53         SH:  0    Dex:  9    Spells: 0/0 levels left

rFire    . . .     SeeInvis .   a - +0 hand axe
rCold    . . .     Gourm    .   (no shield)
rNeg     . . .     Faith    .   b - +0 animal skin
rPois    .         Spirit   .   (helmet restricted)
rElec    .         Reflect  .   (no cloak)
rCorr    .         Harm     .   (no gloves)
MR       .....                  (no boots)
Stlth    +.........             (no amulet)
Regen    0.1/turn               (no ring)
MPRegen  0.1/turn               (no ring)

@: slowed, very slow
A: retaliatory headbutt, horns 2
a: Berserk, Burn Spellbooks, Renounce Religion


You were on level 2 of the Dungeon.
You worshipped Trog.
Trog was aware of your devotion.
You were not hungry.

You visited 1 branch of the dungeon, and saw 2 of its levels.

You collected 53 gold pieces.

Inventory:

Hand Weapons
 a - a +0 hand axe (weapon)
Armour
 b - a +0 animal skin (worn)
Scrolls
 e - a scroll of enchant armour {unknown}
 h - a scroll of teleportation {unknown}
Potions
 d - a potion of heal wounds {unknown}
 f - a potion of brilliance {unknown}
 g - a potion of curing {unknown}
 i - a potion of degeneration {unknown}
Comestibles
 c - a bread ration {@e1}


   Skills:
 + Level 3.7 Fighting
 + Level 3.7 Axes
 + Level 2.8 Armour
 + Level 2.4 Dodging


You couldn't memorise any spells.
You didn't know any spells.

Dungeon Overview and Level Annotations

Branches:
Dungeon (2/15)

Altars:

Annotations:
D:2 Jessica, Natasha


Innate Abilities, Weirdness & Mutations

You reflexively headbutt those who attack you in melee.
You have a pair of horns on your head.


Message History

A bat comes into view.
The bat closely misses you. The bat closely misses you.
You furiously retaliate!
You headbutt the bat, but do no damage. The bat hits you but does no damage.
You closely miss the bat. Your headbutt misses the bat.
The bat hits you but does no damage. The bat barely misses you.
You furiously retaliate!
You headbutt the bat!
You kill the bat!
Trog accepts your kill.
No target in view!
You now have 11 gold pieces.
e - a scroll labeled TIARIT FE REE You now have 21 gold pieces (gained 10).
You see here 5 arrows.
You now have 35 gold pieces (gained 14).
Found a stone staircase leading down.
A goblin comes into view.
You closely miss the goblin. The goblin barely misses you.
You hit the goblin. The goblin closely misses you.
You barely miss the goblin. Your headbutt misses the goblin.
The goblin barely misses you.
You slash the goblin!
You kill the goblin!
Trog accepts your kill.
You see here a goblin corpse.
A giant cockroach comes into view.
The giant cockroach completely misses you.
The giant cockroach barely misses you. You furiously retaliate!
You headbutt the giant cockroach. You closely miss the giant cockroach.
The giant cockroach barely misses you. You furiously retaliate!
You headbutt the giant cockroach.
You kill the giant cockroach!
Trog accepts your kill.
Health restored: 20 No target in view!
You now have 41 gold pieces (gained 6).
You now have 53 gold pieces (gained 12).
f - a cyan potion A kobold comes into view.
It is wielding a short sword.
The kobold shouts!
You closely miss the kobold. The kobold hits you with a short sword.
The kobold barely misses you.
You take 3 damage, and have 17/20 hp.
You hit the kobold. The kobold hits you with a short sword.
You take 2 damage, and have 15/20 hp.
You slash the kobold!
You kill the kobold!
Trog accepts your kill.
g - a yellow potion
h - a scroll labeled MAUQAU BUNLE You see here a short sword.
A giant cockroach comes into view.
Health restored: 20 The giant cockroach barely misses you.
You furiously retaliate!
You headbutt the giant cockroach. You hit the giant cockroach.
You kill the giant cockroach!
Trog accepts your kill.
No target in view!
You open the door.
There is an open door here.
There is an open door here.
i - a fizzy dark potion No target in view!
You open the door.
There is an open door here.
Done exploring.
Done exploring.
There is a stone staircase leading down here.
You climb downwards.
Jessica the Apprentice Sorceress comes into view.
She is wielding an enchanted club.
Jessica shouts!
There is a stone staircase leading up here.
Here: Jessica, wielding an enchanted club and wearing a robe The floor.
Jessica is nearby!
Jessica gestures wildly while chanting.
Jessica blinks!
You barely miss Jessica.
Jessica hits you with an enchanted club.
Natasha, Servant of Life and Death comes into view.
You take 2 damage, and have 18/20 hp.
You closely miss Jessica.
Jessica points at you and mumbles some strange words.
Pain shoots through your body!
You take 2 damage, and have 16/20 hp.
You hit Jessica. Natasha casts a spell at you.
You feel yourself slow down. Jessica barely misses you.
You closely miss Jessica.
Jessica points at you and mumbles some strange words.
Pain shoots through your body!
You take 5 damage, and have 11/20 hp.
MASSIVE DAMAGE!!
Natasha stares at you and mumbles some strange words.
You feel as though you will be slow longer.
Jessica hits you with an enchanted club!
Ouch! That really hurt!
You die...

# .# .## ... #
###.#
#..###...#
#....<.###
#.####@@.#
#.....?..#
#..#####.h.....
# .###.## .# .#
.. ##


You could see Natasha and Jessica.

Vanquished Creatures
  2 giant cockroaches (D:1)
  A goblin (D:1)
  A kobold (D:1)
  2 bats (D:1)
6 creatures vanquished.

Notes
Turn   | Place    | Note
-------+----------+-------------------------------------------
     0 | D:1      | Fuzzwah the Minotaur Berserker began the quest for the Orb.
     0 | D:1      | Reached XP level 1. HP: 19/19 MP: 0/0
   562 | D:2      | Noticed Jessica
   566 | D:2      | Noticed Natasha
   569 | D:2      | Slain by Jessica

Vault maps used:
D:1:      dpeg_arrival_fog
D:2:      first_bread, uniq_natasha, uniq_jessica

Action                   || total
-------------------------++-------
Melee: Hand axe          ||    15
Armor: Animal skin       ||     2
Dodge: Dodged            ||    12

Vault maps used:
D:1:      dpeg_arrival_fog
D:2:      first_bread, uniq_natasha, uniq_jessica

Table legend:
 A = Turns spent in this place as a percentage of turns spent in the entire game.
 B = Non-inter-level travel turns spent in this place as a percentage of non-inter-level travel turns spent in the entire game.
 C = Inter-level travel turns spent in this place as a percentage of turns spent in this place.
 D = Turns resting spent in this place as a percentage of non-inter-level travel turns spent in this place.
 E = Turns spent auto-exploring this place as a percentage of non-inter-level travel turns spent in this place.
 F = Non-inter-level travel turns spent in this place divided by the number of levels of this place that you've seen.
                   A       B       C       D       E      F
               +-------+-------+-------+-------+-------+----------------------
         Total | 100.0 | 100.0 |   1.9 |   0.0 |  30.2 |  26.5
       Dungeon | 100.0 | 100.0 |   1.9 |   0.0 |  30.2 |  26.5
               +-------+-------+-------+-------+-------+----------------------

Table legend:
 A = Kills in this place as a percentage of kills in entire the game.
 B = Kills by you in this place as a percentage of kills by you in the entire game.
 C = Kills by friends in this place as a percentage of kills by friends in the entire game.
 D = Other kills in this place as a percentage of other kills in the entire game.
 E = Experience gained in this place as a percentage of experience gained in the entire game.
 F = Experience gained in this place divided by the number of levels of this place that you have seen.
                   A       B       C       D       E      F
               +-------+-------+-------+-------+-------+----------------------
         Total | 100.0 | 100.0 |  -nan |  -nan | 100.0 |   5.0
       Dungeon | 100.0 | 100.0 |  -nan |  -nan | 100.0 |   5.0
               +-------+-------+-------+-------+-------+----------------------
